 Dungeon Crawl Stone Soup version 0.30.1 (webtiles) character file.

Game seed: 13551175061783587741

169 monsoonserge the Trooper (level 6, 53/53 HPs)
             Began as a Meteoran Cinder Acolyte on July 10, 2023.
             Was an Initiate of Vehumet.
             Quit the game on level 3 of the Dungeon.
             The game lasted 00:07:08 (841 turns).

monsoonserge the Trooper (Meteoran Cinder Acolyte)   Turns: 841, Time: 00:07:08

Health: 53/53      AC:  3    Str: 17    XL:     6   Next: 7%
Magic:  19/19      EV: 12    Int: 17    God:    Vehumet [......]
Gold:   116        SH:  0    Dex:  9    Spells: 7/9 levels left

rFire   . . .        f - +2 dagger (speed)
rCold   . . .        (no shield)
rNeg    . . .        g - +0 leather armour
rPois   .            (no helmet)
rElec   .            (no cloak)
rCorr   .            (no gloves)
SInv    .            (no boots)
Will    +....        (no amulet)
Stlth   +            j - ring of willpower
HPRegen 0.28/turn    r - ring of magical power
MPRegen 0.16/turn

%: no passive effects
@: glowing, fire susceptible
A: sense surroundings 1, otherworldly, glowing, explore regen
a: Renounce Religion


You were on level 3 of the Dungeon.
You worshipped Vehumet.
Vehumet was noncommittal.
You visited 1 branch of the dungeon, and saw 3 of its levels.

You collected 116 gold pieces.

Inventory:

Hand Weapons
 a - a -1 mace of flaming
 f - a +2 dagger of speed (weapon)
Missiles
 i - 6 atropa-tipped darts (quivered)
 l - 6 javelins
 o - a boomerang
 s - 2 curare-tipped darts
Armour
 b - a +0 robe
 g - a +0 leather armour (worn)
Jewellery
 j - a ring of willpower (left hand)
 r - a ring of magical power (right hand)
Scrolls
 c - a scroll of amnesia {unknown}
 e - a scroll of poison {unknown}
 h - a scroll of teleportation {unknown}
 k - 3 scrolls of identify {unknown}
 q - a scroll of noise {unknown}
Potions
 d - a potion of mutation {unknown}
 m - a potion of degeneration {unknown}
 n - a potion of heal wounds {unknown}
 p - a potion of attraction {unknown}


   Skills:
 + Level 4.3 Fighting
 + Level 1.2 Short Blades
 - Level 4.2 Maces & Flails
 * Level 2.6 Armour
 + Level 2.9 Dodging
 - Level 2.0 Spellcasting
 - Level 4.0 Fire Magic


You had 7 spell levels left.
You knew the following spells:

 Your Spells              Type           Power      Damage    Failure   Level
a - Scorch                Fire           30%        2d6       7%          2

Your spell library contained the following spells:

 Spells                   Type           Power      Damage    Failure   Level


Dungeon Overview and Level Annotations

Branches:
Dungeon (3/15) Zot: 971

Altars:
Sif Muna
Vehumet


Innate Abilities, Weirdness & Mutations

You passively map a small area around you.
You are easily found by Zot.
You glow in the dark.
You regain HP and MP as you explore.


Message History

Confirm with . or Enter, or press ? or * to list all spells.
Flames lash the goblin.
You kill the goblin!
Unknown command.
You see here a +0 dagger.
Found 5 stones.
A goblin comes into view. It is wielding a +0 club.
Your magical contamination has completely faded away.
Casting: Scorch (safe; 7% risk of failure)
Confirm with . or Enter, or press ? or * to list all spells.
Flames lash the goblin.
You kill the goblin!
Found a stone staircase leading down.
You open the door.
There is an open door here.
Found a metallic orange potion.
p - a metallic orange potion
There are no items here.
Found a scroll labelled RALUXZATHO.
q - a scroll labelled RALUXZATHO
Found a bone ring.
Found 6 gold pieces.
Found 2 curare-tipped darts.
Found a shimmering blue altar of Sif Muna.
r - a ring of magical power You feel your magic capacity increase.
r - a ring of magical power (right hand) Why would you want to do that?
You see here 2 curare-tipped darts.
s - 2 curare-tipped darts
Found a radiant altar of Vehumet.
You now have 116 gold pieces (gained 6).
There are no items here.
There is a radiant altar of Vehumet here.
You kneel at the altar of Vehumet.
You have lost your religion!
Ignis blazes with a vengeful fury!
Ignis burns away your resistance to fire.
Vehumet welcomes you!
Are you sure you want to abandon this character and quit the game? (Confirm with "yes".)

#.# #.......≈≈≈≈≈≈≈ #.#
#.≈≈≈≈≈≈......≈ #.#
#.≈.....#####.≈ #.#
#.≈.####....#.≈ #.#
#.≈.#...≈≈≈.#.≈ #.#
#.≈.#.≈≈._≈.#.≈ #.#
##.≈.#.≈...≈.#.≈
#.#######.#.≈.#...#.≈.#.
#.#....@..#.≈.#_.##.≈.#.
#)#.#####.#.≈.###...≈.#.
#.# * #.#.≈....≈≈≈≈.#.
########.#
#.#.≈≈≈≈≈.....#.
#........#
#.#......######.
#........# *
#.#######.......
#........# *
#........≈≈≈≈≈≈≈
#........#
#..############ *
#..)....## * *


There were no monsters in sight!

Vanquished Creatures
  A sky beast (D:3)
  3 adders (D:2)
  3 dart slugs
  An orc (D:3)
  5 ball pythons
  3 endoplasms (D:2)
  4 giant cockroaches
  4 goblins
  4 hobgoblins (D:1)
  4 kobolds
  7 bats
  2 frilled lizards
  3 rats (D:2)
44 creatures vanquished.

Notes
Turn   | Place    | Note
-------+----------+-------------------------------------------
     0 | D:1      | monsoonserge the Meteoran Cinder Acolyte began the quest
                  | for the Orb.
     0 | D:1      | Reached XP level 1. HP: 19/19 MP: 3/3
    83 | D:1      | Reached XP level 2. HP: 24/26 MP: 5/5
    99 | D:1      | Learned a level 2 spell: Scorch
   237 | D:1      | Reached XP level 3. HP: 32/33 MP: 6/6
   373 | D:2      | Reached skill level 1 in Armour
   435 | D:2      | Reached skill level 1 in Dodging
   468 | D:2      | Reached XP level 4. HP: 32/40 MP: 1/7
   563 | D:2      | HP: 1/40 [goblin/+0 club (3)]
   683 | D:3      | Noticed a sky beast
   686 | D:3      | Killed a sky beast
   687 | D:3      | Reached skill level 1 in Short Blades
   687 | D:3      | Reached XP level 5. HP: 47/47 MP: 2/9
   687 | D:3      | Reached XP level 6. HP: 53/53 MP: 2/10
   810 | D:3      | Found a shimmering blue altar of Sif Muna.
   823 | D:3      | Found a radiant altar of Vehumet.
   831 | D:3      | Fell from the grace of Ignis
   831 | D:3      | Became a worshipper of Vehumet
   841 | D:3      | Quit the game

Illustrated notes

Levels and vault maps discovered:
D:1:      giann_bridges, layout_rooms
D:2:      layout_rooms, minmay_tetromino_l2
D:3:      layout_basic, nicolae_overflow_squiral, minmay_misc_feat_more_columns

Skill      XL: |  1  2  3  4 |
---------------+-------------+-----
Fire Magic     | 4 |  4.0
Armour         | 1 2 |  2.6
Dodging        | 1 2 |  2.9
Spellcasting   | 2 |  2.0
Fighting       | 4 |  4.3
Short Blades   | 1 |  1.2
Maces & Flails | |  4.2

Action                     |  1- 3 |  4- 6 || total
---------------------------+-------+-------++-------
  Melee: Mace              |    27 |       ||    27
         Dagger            |    40 |    30 ||    70
   Cast: Scorch            |    12 |    17 ||    29
    Use: Potion            |       |     1 ||     1
 Armour: Robe              |    24 |       ||    24
         Leather armour    |    16 |    17 ||    33
  Dodge: Dodged            |    49 |    19 ||    68
